 Dungeon Crawl Stone Soup version 0.20.1-1-g8b1a95d (webtiles) character file.

81 straycat the Ducker (level 4, -2/32 HPs)
             Began as a Vampire Wanderer on Sept 7, 2017.
             Slain by an adder (4 damage)
             ... on level 2 of the Dungeon.
             The game lasted 00:05:30 (1605 turns).

straycat the Ducker (Vampire Wanderer)              Turns: 1605, Time: 00:05:31

Health: -2/32      AC:  2    Str: 11    XL:     4   Next: 20%
Magic:  7/7        EV: 14    Int: 12    God:
Gold:   61         SH:  0    Dex: 16    Spells: 7/7 levels left

rFire    . . .     SeeInvis +   a - +2 shortbow
rCold    + . .     Gourm    .   (shield currently unavailable)
rNeg     + + .     Faith    .   e - +0 robe
rPois    +         Spirit   .   (no helmet)
rElec    .         Reflect  .   (no cloak)
rCorr    .         Harm     .   (no gloves)
MR       .....                  (no boots)
Stlth    +++.......             (no amulet)
Regen    0.1/turn               (no ring)
MPRegen  0.1/turn               (no ring)

@: lethally poisoned (-2 -> -7), regenerating slowly
A: fangs 3, see invisible, unbreathing
a: Bat Form


You were on level 2 of the Dungeon.
You were thirsty.

You visited 1 branch of the dungeon, and saw 2 of its levels.

You collected 61 gold pieces.

Inventory:

Hand Weapons
 a - a +2 shortbow (weapon)
 f - a +0 dagger
Missiles
 b - 7 arrows (quivered)
 o - 2 throwing nets
Armour
 e - a +0 robe (worn)
Scrolls
 j - 3 scrolls of identify {unknown}
 k - a scroll of fear {unknown}
 p - a scroll of enchant armour {unknown}
 q - a scroll of remove curse {unknown}
 r - a scroll of enchant weapon {unknown}
 t - a scroll of blinking {unknown}
Potions
 c - a potion of lignification
 g - 20 potions of blood
 h - 4 potions of curing {unknown}
 i - a potion of mutation {unknown}
 l - a potion of resistance {unknown}
 m - a potion of heal wounds {unknown}
 n - a potion of agility {unknown}
 s - a potion of degeneration {unknown}
Books
 d - Toybloge's Collected Works on the Arsonist

   Spells                             Type                      Level
   a - Flame Tongue                   Conjuration/Fire             1
   b - Inner Flame                    Hexes/Fire                   3


   Skills:
 - Level 1.0 Fighting
 - Level 1.0 Bows
 - Level 1.0 Armour
 * Level 4.2 Dodging
 - Level 3.0 Stealth
 - Level 2.0 Spellcasting
   Level 2.0 Ice Magic
   Level 1.0 Poison Magic


You had 7 spell levels left.
You didn't know any spells.

Dungeon Overview and Level Annotations

Branches:
Dungeon (2/15)

Altars:
Okawaru


Innate Abilities, Weirdness & Mutations

You heal slowly.
You have razor-sharp teeth.
You have supernaturally acute eyesight. (SInv)
You can survive without breathing.


Message History

Press: ? - help, Shift-Dir - straight line, f/p - adder
Aim: an adder (almost dead)
You shoot an arrow. The arrow barely misses the adder.
The adder bites you. x2
You are poisoned.
The adder poisons you!
You feel sick.
Firing (i - inventory. (,) - cycle):
b - 9 arrows (quivered)
Press: ? - help, Shift-Dir - straight line, f/p - adder
Aim: an adder (almost dead)
You shoot an arrow. The arrow misses the adder.
The adder bites you. x2
* * * LOW HITPOINT WARNING * * *
* * * LOW HITPOINT WARNING * * *
You feel sick.
Firing (i - inventory. (,) - cycle):
b - 8 arrows (quivered)
Press: ? - help, Shift-Dir - straight line, f/p - adder
Aim: an adder (almost dead)
You shoot an arrow. The arrow barely misses the adder.
The adder bites you.
* * * LOW HITPOINT WARNING * * *
The adder bites you.
You die...

#.##.# #.#
#.##.#
..###
#.##.#
###..
#.##.#
###.. #.#
#.####....
###.#
...........
#...#
##.####....
#.###
#####.. #@#
........
#S#
########
#.# #######
#((.((.(.
.(.....
#########
####### # #
# #


You could see an adder.

Vanquished Creatures
  4 adders (D:2)
  3 worms (D:2)
  A dart slug (D:2)
  A leopard gecko (D:1)
  5 bats
  A giant cockroach (D:2)
  3 goblins
  4 hobgoblins
  6 frilled lizards
  5 kobolds
  6 rats
39 creatures vanquished.

Notes
Turn   | Place    | Note
-------+----------+-------------------------------------------
     0 | D:1      | straycat the Vampire Wanderer began the quest for the Orb.
     0 | D:1      | straycat set off with: a +2 shortbow, 29 arrows, a potion of lignification, Toybloge's Collected Works on the Arsonist, a +0 robe, a +0 dagger, a potion of blood
     0 | D:1      | Reached XP level 1. HP: 15/15 MP: 3/3
    33 | D:1      | Reached skill level 1 in Dodging
   156 | D:1      | Reached XP level 2. HP: 21/21 MP: 5/5
   159 | D:1      | Reached skill level 2 in Dodging
   857 | D:2      | Reached skill level 3 in Dodging
   857 | D:2      | Reached XP level 3. HP: 26/26 MP: 6/6
  1321 | D:2      | Reached skill level 4 in Dodging
  1321 | D:2      | Reached XP level 4. HP: 31/32 MP: 7/7
  1337 | D:2      | Found an iron altar of Okawaru.
  1605 | D:2      | Slain by an adder

Skill      XL: |  1  2  3 |
---------------+----------+-----
Dodging        | 1 3 4 |  4.2
Fighting       | |  1.0
Bows           | |  1.0
Armour         | |  1.0
Stealth        | |  3.0
Spellcasting   | |  2.0
Ice Magic      | |  2.0
Poison Magic   | |  1.0

Action                   |  1- 3 |  4- 6 || total
-------------------------+-------+-------++-------
 Fire: Shortbow          |    90 |    25 ||   115
  Use: Potion            |     1 |       ||     1
Armor: Robe              |     1 |     2 ||     3
Dodge: Dodged            |     9 |    11 ||    20
